 Dungeon Crawl Stone Soup version 0.31-a0-267-g3fc6992b3b (webtiles) character file.

Game seed: 4789652977756939411

84 qw the Shooter (level 4, -14/36 HPs)
             Began as a Minotaur Hexslinger on July 13, 2023.
             Demolished by an ogre
             ... wielding a +0 giant club
              (24 damage)
             ... on level 3 of the Dungeon.
             The game lasted 00:00:33 (1537 turns).

qw the Shooter (Minotaur Hexslinger)                Turns: 1537, Time: 00:00:34

Health: -14/36     AC:  6    Str: 12    XL:     4   Next: 23%
Magic:  4/4        EV: 11    Int: 10    God:
Gold:   101        SH:  0    Dex: 15    Spells: 4/5 levels left

rFire   . . .        Y - +1 sling
rCold   . . .        (no shield)
rNeg    . . .        f - +0 ring mail
rPois   .            (helmet restricted)
rElec   .            (no cloak)
rCorr   .            d - +0 pair of gloves
SInv    .            (no boots)
Will    .....        (no amulet)
Stlth   +            (no ring)
HPRegen 0.26/turn    (no ring)
MPRegen 0.09/turn

%: no passive effects
@: no status effects
A: horns 2, retaliatory headbutt
a: no special abilities


You were on level 3 of the Dungeon.
You visited 1 branch of the dungeon, and saw 3 of its levels.

You collected 101 gold pieces.


Innate Abilities, Weirdness & Mutations

You have a pair of horns on your head.
You reflexively headbutt those who attack you in melee.


   Skills:
 - Level 2.0 Fighting
 + Level 4.4 Ranged Weapons
 - Level 1.4 Armour
 - Level 2.1 Dodging
 - Level 1.0 Spellcasting
 - Level 2.0 Hexes


You had 4 spell levels left.
You knew the following spells:

 Your Spells              Type           Power      Damage    Failure   Level
a - Slow                  Hex            16%        N/A       32%         1

Your spell library contained the following spells:

 Spells                   Type           Power      Damage    Failure   Level
 Inner Flame              Hex/Fire       2%         N/A       83%         3
 Portal Projectile        Hex/Tloc       4%         N/A       83%         3
 Cause Fear               Hex            2%         N/A       97%         4

Inventory:

Hand Weapons
 Y - a +1 sling (weapon)
Armour
 d - a +0 pair of gloves (worn)
 f - a +0 ring mail (worn)
Potions
 a - a potion of attraction {unknown}
 g - a potion of resistance {unknown}
 h - 3 potions of curing

Dungeon Overview and Level Annotations

Branches:
Dungeon (3/15)

Altars:
Qazlal

Shops:
D:2 :


Message History

You now have 91 gold pieces (gained 19).
a - a dark potion You now have 101 gold pieces (gained 10).
An adder comes into view.
Found a stone staircase leading down.
The adder hisses angrily.
The adder moves out of view.
You shoot a sling bullet.
The sling bullet closely misses the adder.
The adder bites you but does no damage.
You shoot a sling bullet. The sling bullet hits the adder!
The adder is severely wounded.
The adder bites you but does no damage. x2
You shoot a sling bullet.
The sling bullet barely misses the adder.
The adder closely misses you.
You shoot a sling bullet. The sling bullet hits the adder!
You kill the adder!
An ogre comes into view. It is wielding a +0 giant club.
Enter note:
Enter note: You shoot a sling bullet.
The sling bullet barely misses the ogre.
The ogre shouts!
You shoot a sling bullet. The sling bullet hits the ogre.
The ogre is lightly wounded.
You shoot a sling bullet. The sling bullet hits the ogre!
The ogre is moderately wounded.
You shoot a sling bullet.
The sling bullet barely misses the ogre.
The ogre hits you with a +0 giant club!!
Ouch! That really hurt!
You shoot a sling bullet.
The sling bullet barely misses the ogre.
The ogre closely misses you.
You shoot a sling bullet.
The sling bullet barely misses the ogre.
The ogre hits you with a +0 giant club!!
Ouch! That really hurt!
You die...

#...........# #
####.#<...###.# .
###.########.# # ..
#.....# ...# ..
#)########.# #..# ..
....#.....#. #..##.#.#
###.##.#####.###.......#
....).........>.O..#...#
###[##.....###..@....#
###..................#
...###......##.#####.#
##.###......##.....# ..
........<.#.#..##.## #
.#.....(......#.#.#
.#............#...#
.#..........#...###
.#.......##.#.###


You could see an ogre.

Vanquished Creatures
  3 adders
  2 dart slugs (D:1)
  2 ball pythons
  6 bats
  6 endoplasms
  4 giant cockroaches
  5 goblins
  5 hobgoblins
  2 jackals (D:1)
  4 kobolds
  2 quokkas (D:1)
  3 frilled lizards
  2 rats (D:1)
46 creatures vanquished.

Notes
Turn   | Place    | Note
-------+----------+-------------------------------------------
     0 | D:1      | qw the Minotaur Hexslinger began the quest for the Orb.
     0 | D:1      | Reached XP level 1. HP: 16/16 MP: 1/1
     0 | D:1      | 0 ||| qw: Version: 0.3-a-52-g30416fa
     0 | D:1      | 0 ||| qw: Game counter: 7777
     0 | D:1      | 0 ||| qw: Melee chars always use a shield: true
     0 | D:1      | 0 ||| qw: God list: Okawaru
     0 | D:1      | 0 ||| qw: Allow faded altars: false
     0 | D:1      | 0 ||| qw: Do Orc after clearing Dungeon:15 true
     0 | D:1      | 0 ||| qw: Do second Lair branch before Depths: true
     0 | D:1      | 0 ||| qw: Lair rune preference: random
     0 | D:1      | 0 ||| qw: Goals: Normal
     0 | D:1      | 0 ||| PLANNING D:1-11
   147 | D:1      | Reached skill level 3 in Ranged Weapons
   147 | D:1      | Reached XP level 2. HP: 23/23 MP: 2/2
   461 | D:1      | Reached XP level 3. HP: 29/29 MP: 3/3
   924 | D:1      | 924 ||| UPGRADING to +0 pair of gloves.
   929 | D:1      | 929 ||| UPGRADING to +0 ring mail.
   939 | D:1      | 939 ||| DROPPING +0 robe.
   940 | D:1      | 940 ||| READING scroll labelled FUCHUFOVVE.
   941 | D:1      | 941 ||| DRINKING 2 golden potions.
   942 | D:1      | 942 ||| DROPPING scroll of poison.
  1021 | D:2      | Reached skill level 4 in Ranged Weapons
  1077 | D:2      | Found Pinudwunlu's Book Shoppe.
  1091 | D:2      | Reached skill level 1 in Armour
  1207 | D:2      | Reached XP level 4. HP: 36/36 MP: 4/4
  1419 | D:2      | Found a stormy altar of Qazlal.
  1431 | D:2      | 1431 ||| READING scroll labelled ICVAEXK HISIOS.
  1435 | D:2      | 1435 ||| READING scroll labelled BUGINA JUBOERRAET.
  1436 | D:2      | 1436 ||| READING scroll labelled CIEWEC ADUNK.
  1437 | D:2      | 1437 ||| READING scroll labelled YSE LIOZXAISS.
  1531 | D:3      | Noticed an ogre
  1537 | D:3      | Demolished by an ogre

Levels and vault maps discovered:
D:1:      dpeg_arrival_arbitrary_a, layout_basic
D:2:      layout_basic, serial_shops, shop, basic_altar
D:3:      layout_basic

Skill      XL: |  1  2  3 |
---------------+----------+-----
Ranged Weapons | 3 4 |  4.4
Fighting       | 2 |  2.0
Armour         | 1 |  1.4
Dodging        | |  2.1
Spellcasting   | |  1.0
Hexes          | |  2.0

Action                     |  1- 3 |  4- 6 || total
---------------------------+-------+-------++-------
   Fire: Sling             |   102 |    27 ||   129
    Use: Scroll            |     1 |     4 ||     5
         Potion            |     1 |       ||     1
 Armour: Ring mail         |    12 |     6 ||    18
  Dodge: Dodged            |    24 |     7 ||    31

Table legend:
 A = Non-vault XP
 B = Vault XP
 C = Vault XP percentage of total XP
 D = Non-vault monster count
 E = Vault monster count
 F = Vault count percentage of total count
                 A         B        C        D         E       F
            +---------+---------+-------+---------+---------+-------
      Total |     120 |       0 |   0.0 |      46 |       0 |   0.0
            +---------+---------+-------+---------+---------+-------
        D:1 |      49 |       0 |   0.0 |      25 |       0 |   0.0
        D:2 |      54 |       0 |   0.0 |      18 |       0 |   0.0
        D:3 |      17 |       0 |   0.0 |       3 |       0 |   0.0
            +---------+---------+-------+---------+---------+-------
